 Dungeon Crawl Stone Soup version 0.26-a0-852-g6321bf7485 (webtiles) character file.

Game seed: 1819476787587958086

72 marklar909 the Vandal (level 4, -9/30 HPs)
             Began as a Halfling Hunter on Nov 21, 2020.
             Mangled by an ogre
             ... wielding a +0 giant club
              (16 damage)
             ... on level 4 of the Dungeon.
             The game lasted 00:01:57 (1898 turns).

marklar909 the Vandal (Halfling Hunter)             Turns: 1898, Time: 00:01:57

Health: -9/30      AC:  9    Str: 14    XL:     4   Next: 50%
Magic:  4/4        EV: 13    Int:  9    God:
Gold:   89         SH:  0    Dex: 14    Spells: 3/3 levels left

rFire    . . .     SeeInvis .   a - +1 hunting sling
rCold    . . .     Faith    .   (shield restricted)
rNeg     . . .     Spirit   .   g - +0 ring mail
rPois    .         Reflect  .   p - +0 hat
rElec    .         Harm     .   h - +2 cloak
rCorr    .         Rampage  .   (no gloves)
MR       .....                  c - +0 pair of boots
Stlth    +.........             (no amulet)
HPRegen  0.10/turn              (no ring)
MPRegen  0.09/turn              (no ring)

@: no status effects
A: small, mutation resistance 1
a: no special abilities


You were on level 4 of the Dungeon.
You visited 1 branch of the dungeon, and saw 3 of its levels.

You collected 89 gold pieces.

Inventory:

Hand Weapons
 a - a +1 hunting sling (weapon)
 b - a +0 short sword
Missiles
 d - 34 sling bullets
 f - 2 stones (quivered)
Armour
 c - a +0 pair of boots (worn)
 g - a +0 ring mail (worn)
 h - a +2 cloak (worn)
 m - a scarf of repulsion
 p - a +0 hat (worn)
Jewellery
 j - an uncursed ring of protection from cold {unknown}
Scrolls
 e - a scroll of random uselessness {unknown}
 i - a scroll of teleportation {unknown}
 k - a scroll of enchant weapon {unknown}
 o - a scroll of noise {unknown}
 s - a scroll of magic mapping {unknown}
Potions
 l - a potion of invisibility {unknown}
 n - a potion of heal wounds {unknown}
 q - 2 potions of ambrosia {unknown}
 r - a potion of mutation {unknown}


   Skills:
 * Level 2.6 Fighting
 + Level 7.1 Slings
 * Level 1.1 Armour
 * Level 2.5 Dodging
 + Level 1.1 Stealth


You had 3 spell levels left.
You didn't know any spells.
Your spell library was empty.

Dungeon Overview and Level Annotations

Branches:
Dungeon (2/15)

Altars:


Innate Abilities, Weirdness & Mutations

You are small and have problems with some larger weapons.
You are somewhat resistant to further mutation.


Message History

Firing (i - inventory. (/) - cycle)
f - 5 stones (quivered)
Press: ? - help, Shift-Dir - straight line, f/p - ogre
Aim: an ogre, wielding a +0 giant club (almost dead)
You shoot a stone. The stone hits the ogre.
The ogre is almost dead.
Unknown command.
Firing (i - inventory. (/) - cycle)
f - 4 stones (quivered)
Press: ? - help, Shift-Dir - straight line, f/p - ogre
Aim: an ogre, wielding a +0 giant club (almost dead)
You shoot a stone. The stone barely misses the ogre.
The ogre hits you with a +0 giant club!!
Ouch! That really hurt!
* * * LOW HITPOINT WARNING * * *
Firing (i - inventory. (/) - cycle)
f - 3 stones (quivered)
Press: ? - help, Shift-Dir - straight line, f/p - ogre
Aim: an ogre, wielding a +0 giant club (almost dead)
You shoot a stone. The stone barely misses the ogre.
The ogre hits you with a +0 giant club!
Ouch! That really hurt!
You die...

#(.(# #.(.#
#.(.# #...#
#.(.#
..#####(?(#####
.......O(......
(.....(@(.....(
..........(....
##.####...#####
#...# #.$.#
#...# #...#
....#


You could see an ogre.

Vanquished Creatures
  3 adders
  7 bats
  A giant cockroach (D:1)
  7 goblins
  3 hobgoblins
  6 jackals (D:1)
  A ball python (D:2)
  6 frilled lizards
  3 kobolds (D:1)
  8 rats
45 creatures vanquished.

Vanquished Creatures (others)
  3 plants (D:2)
3 creatures vanquished.

Grand Total: 48 creatures vanquished

Notes
Turn   | Place    | Note
-------+----------+-------------------------------------------
     0 | D:1      | marklar909 the Halfling Hunter began the quest for the Orb.
     0 | D:1      | Reached XP level 1. HP: 14/14 MP: 1/1
    96 | D:1      | Reached skill level 6 in Slings
   112 | D:1      | Reached XP level 2. HP: 11/19 MP: 2/2
   453 | D:1      | Reached XP level 3. HP: 24/24 MP: 3/3
  1366 | D:2      | Reached skill level 1 in Armour
  1423 | D:2      | Reached XP level 4. HP: 30/30 MP: 4/4
  1667 | D:2      | You fall into a shaft and drop 2 floors!
  1679 | D:4      | Reached skill level 7 in Slings
  1886 | D:4      | Noticed an ogre
  1898 | D:4      | Mangled by an ogre

Illustrated notes

Levels and vault maps discovered:
D:1:      dpeg_arrival_tiny_k, layout_loops_ring, minmay_tall_x
D:2:      layout_loops_corners, lemuel_coloured_pillars_altar,
          chequers_big_river, chequers_arboretum, minivault_26
D:4:      layout_loops_cross, grunt_temple_overflow_holy_war,
          lightli_sewer_entry_pipes, corexii_leaking_fountain, uniq_edmund

Skill      XL: |  1  2  3  4 |
---------------+-------------+-----
Slings         | 6 7 |  7.1
Fighting       | 2 |  2.6
Armour         | 1 |  1.1
Dodging        | |  2.5
Stealth        | |  1.1

Action                   |  1- 3 |  4- 6 || total
-------------------------+-------+-------++-------
Melee: Short sword       |     5 |       ||     5
 Fire: Hunting sling     |   101 |    54 ||   155
Armor: Ring mail         |    27 |    14 ||    41
Dodge: Dodged            |    34 |    30 ||    64

Table legend: (Time is in decaauts)
 A = Elapsed time spent in this place.
 B = Non-inter-level travel time spent in this place.
 C = Inter-level travel time spent in this place.
 D = Time resting spent in this place.
 E = Time spent auto-exploring this place.
 F = Levels seen in this place.
 G = Mean time per level.
                   A        B        C        D        E       F      G
               +--------+--------+--------+--------+--------+-----+--------+
         Total |   1882 |   1794 |     88 |     28 |   1434 |   3 |  627.3 |
       Dungeon |   1882 |   1794 |     88 |     28 |   1434 |   3 |  627.3 |
               +--------+--------+--------+--------+--------+-----+--------+

Top non-repeatable levels by time:
     D:1: 1032 daAuts
     D:2: 624 daAuts
     D:4: 225 daAuts
